 Dungeon Crawl Stone Soup version 0.27-a0-531-gb72ec1a1b6 (webtiles) character file.

Game seed: 3167366550472004838

93 siradein the Charlatan (level 4, 0/32 HPs)
             Began as a Demonspawn Artificer on Mar 6, 2021.
             Killed from afar by Natasha (6 damage)
             ... with a magic dart
             ... on level 2 of the Dungeon.
             The game lasted 00:06:55 (3222 turns).

siradein the Charlatan (Demonspawn Artificer)       Turns: 3222, Time: 00:06:56

Health: 0/32       AC: 10    Str: 12    XL:     4   Next: 36%
Magic:  4/4        EV:  7    Int: 13    God:
Gold:   142        SH:  0    Dex: 14    Spells: 3/3 levels left

rFire    . . .     SeeInvis .   o - +0 spear
rCold    . . .     Faith    .   (no shield)
rNeg     . . .     Spirit   .   h - +0 plate armour
rPois    .         Reflect  .   (helmet restricted)
rElec    .         Harm     .   (no cloak)
rCorr    .         Rampage  .   (no gloves)
Will     .....                  (no boots)
Stlth    ..........             (no amulet)
HPRegen  0.10/turn              k - +4 ring of evasion
MPRegen  0.09/turn              (no ring)

@: no status effects
A: horns 2
a: no special abilities


You were on level 2 of the Dungeon.
You visited 1 branch of the dungeon, and saw 3 of its levels.

You collected 142 gold pieces.

Inventory:

Hand Weapons
 o - a +0 spear (weapon)
Armour
 h - a +0 plate armour (worn)
Jewellery
 k - a +4 ring of evasion (left hand)
Wands
 c - a wand of flame (24)
 d - a wand of charming (15)
 e - a wand of random effects (11) (quivered)
Scrolls
 j - a scroll of magic mapping {unknown}
 m - 2 scrolls of teleportation
 p - 2 scrolls of amnesia {unknown}
Potions
 f - a potion of ambrosia
 i - a potion of attraction {unknown}
 n - a potion of flight
 q - a potion of cancellation {unknown}
 r - a potion of magic {unknown}


   Skills:
 - Level 1.0 Fighting
 - Level 1.7 Armour
 - Level 0.8 Dodging
 - Level 0.8 Stealth
 + Level 5.2 Evocations


You had 3 spell levels left.
You didn't know any spells.
Your spell library was empty.

Dungeon Overview and Level Annotations

Branches:
Dungeon (3/15)

Altars:

Annotations:
D:2 Natasha


Innate Abilities, Weirdness & Mutations

You have a pair of horns on your head.


Message History

Natasha casts a spell at you.
The magic dart hits you but does no damage.
You barely miss Natasha.
Natasha is moderately wounded.
The shadow imp hits you but does no damage.
Natasha claws you.
You closely miss Natasha.
Natasha is moderately wounded.
The shadow imp barely misses you. Natasha claws you but does no damage.
You closely miss Natasha. You headbutt Natasha.
Natasha is heavily wounded.
The shadow imp hits you. Natasha claws you but does no damage.
You barely miss Natasha.
Natasha is heavily wounded.
The shadow imp hits you but does no damage.
Natasha barely misses you.
You barely miss Natasha.
Natasha is heavily wounded.
The shadow imp hits you but does no damage.
Natasha mewls in sadness.
Natasha claws you.
You closely miss Natasha.
Natasha is heavily wounded.
The shadow imp hits you but does no damage.
Natasha claws you.
You barely miss Natasha.
Natasha is heavily wounded.
The shadow imp hits you but does no damage.
Natasha claws you but does no damage. The shadow imp gestures at you.
Pain shoots through your body! Natasha claws you but does no damage.
You hit Natasha. Your headbutt misses Natasha.
Natasha is heavily wounded.
The shadow imp laughs crazily.
The shadow imp gestures at you. Pain shoots through your body!
* * * LOW HITPOINT WARNING * * *
Natasha stares at you and mumbles some strange words.
The magic dart hits you.
You die...

#...........#############.##
#..##.##.##................#
###..##.##.##.#...##########.#
##.............#.....###### #.#
#.....##......##.........)###.#
#.....##.....†>................
#...........##.#......###......
#..##.##..####.#......###.....#
#..##.##..####@######..........
#............5h.......###....##
#...#####.............# #....##
#............(........# #.#.###
######.#........#.#.#.###.#....
#.##.####............#####
#.##.#####.#.#.#..........
#.#....# #..)..........###
#.#....###.#.#.#.......#


You could see Natasha and a shadow imp (summoned).

Vanquished Creatures
  Natasha (D:2)
  3 adders (D:2)
  A dart slug (D:1)
  A leopard gecko (D:2)
  5 bats
  4 giant cockroaches
  4 goblins
  7 hobgoblins
  2 jackals (D:1)
  2 kobolds
  3 frilled lizards
  3 rats (D:2)
36 creatures vanquished.

Notes
Turn   | Place    | Note
-------+----------+-------------------------------------------
     0 | D:1      | siradein the Demonspawn Artificer began the quest for the
                  | Orb.
     0 | D:1      | Reached XP level 1. HP: 15/15 MP: 1/1
   721 | D:1      | Gained mutation: You have a pair of small horns on your
                  | head. [demonic ancestry]
   721 | D:1      | Reached XP level 2. HP: 20/21 MP: 2/2
  1171 | D:1      | Reached skill level 4 in Evocations
  1748 | D:2      | Reached XP level 3. HP: 26/26 MP: 3/3
  3174 | D:3      | Noticed Natasha
  3181 | D:3      | Gained mutation: You have a pair of horns on your head.
                  | [demonic ancestry]
  3181 | D:3      | Reached XP level 4. HP: 32/32 MP: 4/4
  3190 | D:2      | Killed Natasha
  3191 | D:2      | Reached skill level 5 in Evocations
  3207 | D:2      | Noticed Natasha
  3222 | D:2      | Killed from afar by Natasha

Illustrated notes

Levels and vault maps discovered:
D:1:      saegor_arrival_simple_e, layout_basic
D:2:      minmay_chambers_of_ones, layout_basic, serial_co_window_serial,
          co_window_paths_a, co_window_corner_a, co_window_paths_a,
          co_window_corner_a, co_window_paths_b, co_window_unsneaky_path_b,
          co_window_of_opportunity_b, co_window_corner_b, co_window_broadway_c,
          co_window_unsneaky_path_a, co_window_4corner_b, glass_columns_b,
          glass_columns_a, glass_columns_a, glass_columns_b,
          hangedman_abyss_or_decor_lesser_grid
D:3:      layout_loops_ring, uniq_natasha, uniq_sigmund, uniq_robin

Skill      XL: |  1  2  3  4 |
---------------+-------------+-----
Evocations     | 4 5 |  5.2
Fighting       | |  1.0
Armour         | |  1.7
Dodging        | |  0.8
Stealth        | |  0.8

Action                   |  1- 3 |  4- 6 || total
-------------------------+-------+-------++-------
Melee: Club              |    61 |       ||    61
       Spear             |   111 |    19 ||   130
       Headbutt          |    16 |     3 ||    19
Evoke: Wand              |     3 |     1 ||     4
  Use: Scroll            |     5 |       ||     5
       Potion            |     2 |       ||     2
Armor: Ring mail         |    14 |       ||    14
       Plate armour      |   102 |    14 ||   116
Dodge: Dodged            |    74 |     5 ||    79

Table legend: (Time is in decaauts)
 A = Elapsed time spent in this place.
 B = Non-inter-level travel time spent in this place.
 C = Inter-level travel time spent in this place.
 D = Time resting spent in this place.
 E = Time spent auto-exploring this place.
 F = Levels seen in this place.
 G = Mean time per level.
                   A        B        C        D        E       F      G
               +--------+--------+--------+--------+--------+-----+--------+
         Total |   3252 |   3164 |     88 |    324 |   2391 |   3 | 1084.0 |
       Dungeon |   3252 |   3164 |     88 |    324 |   2391 |   3 | 1084.0 |
               +--------+--------+--------+--------+--------+-----+--------+

Top non-repeatable levels by time:
     D:2: 1636 daAuts
     D:1: 1605 daAuts
     D:3: 10 daAuts
